 Dungeon Crawl Stone Soup version 0.27-a0-808-g60bc5d92e6 (webtiles) character file.

Game seed: 17874493944677977977

78 BlueFish the Slasher (level 4, 0/33 HPs)
             Began as a Vampire Gladiator on Mar 28, 2021.
             Slain by Blork the orc
             ... wielding a +0 scimitar
              (12 damage)
             ... on level 3 of the Dungeon.
             The game lasted 00:05:20 (2343 turns).

BlueFish the Slasher (Vampire Gladiator)            Turns: 2343, Time: 00:05:21

Health: 0/33       AC:  4    Str: 13    XL:     4   Next: 15%
Magic:  4/4        EV: 13    Int: 10    God:
Gold:   141        SH:  0    Dex: 16    Spells: 3/3 levels left

rFire    . . .     SeeInvis +   a - +0 long sword
rCold    . . .     Faith    .   (no shield)
rNeg     . . .     Spirit   .   f - +0 leather armour
rPois    .         Reflect  .   c - +0 helmet
rElec    .         Harm     .   (no cloak)
rCorr    .         Rampage  .   (no gloves)
Will     .....                  (no boots)
Stlth    ++........             (no amulet)
HPRegen  0.31/turn              (no ring)
MPRegen  0.09/turn              (no ring)

@: regenerating quickly
A: alive, fangs 3, see invisible, unbreathing 1, vampiric 2
a: Exsanguinate


You were on level 3 of the Dungeon.
You visited 1 branch of the dungeon, and saw 4 of its levels.

You collected 141 gold pieces.

Inventory:

Hand Weapons
 a - a +0 long sword (weapon)
 b - a +0 dagger
Missiles
 d - 3 throwing nets (quivered)
Armour
 c - a +0 helmet (worn)
 f - a +0 leather armour (worn)
Scrolls
 h - a scroll of immolation
Potions
 e - a potion of berserk rage
 g - a potion of resistance
 i - 2 potions of flight {unknown}
 j - a potion of degeneration {unknown}
 k - a potion of mutation {unknown}
 m - 2 potions of curing


   Skills:
 * Level 1.9 Fighting
 * Level 0.8(2.8) Short Blades
 * Level 4.0(4.1) Long Blades
 + Level 1.6 Throwing
 + Level 0.5 Armour
 * Level 3.9 Dodging
 * Level 1.6 Stealth


You had 3 spell levels left.
You didn't know any spells.
Your spell library contained the following spells:

 Spells                   Type           Power      Damage    Failure   Level
 Confusing Touch          Hex            0%         N/A       82%         3
 Gell's Gravitas          Tloc           0%         N/A       82%         3
 Petrify                  Tmut/Erth      0%         N/A       99%         4
 Metabolic Englaciation   Hex/Ice        0%         N/A       100%        5
 Yara's Violent Unravell  Hex/Tmut       0%         3d3       100%        5


Dungeon Overview and Level Annotations

Branches:
Dungeon (4/15)
 Temple: D:4-7

Altars:

Annotations:
D:3 Blork the orc
D:4 Pikel


Innate Abilities, Weirdness & Mutations

Your natural rate of healing is unusually fast.
You have razor-sharp teeth.
You have supernaturally acute eyesight. (SInv)
You can survive without breathing.
You are afflicted with vampirism and can become a bat while bloodless.


Message History

The iguana hisses angrily.
There is a stone staircase leading up here.
a - a +0 long sword (weapon)
Blork the orc gestures at you while chanting.
The puff of frost misses you. The iguana barely misses you.
You riposte.
You barely miss the iguana.
You climb upwards.
There is a stone staircase leading down here.
You hit the iguana.
The iguana is moderately wounded.
The iguana misses you.
You closely miss the iguana.
The iguana is moderately wounded.
The iguana barely misses you.
You riposte.
You hit the iguana.
The iguana is moderately wounded.
You slash the iguana! You bite the iguana.
The iguana is almost dead.
The iguana closely misses you.
You hit the iguana but do no damage.
The iguana is almost dead.
The iguana closely misses you.
You riposte.
You hit the iguana.
You kill the iguana!
Your Long Blades skill increases to level 4!
You have reached level 4!
b - a +0 dagger (weapon)
There is a stone staircase leading down here.
You climb downwards.
Level annotation: Blork the orc, Pikel The iguana hisses angrily.
Blork the orc hits you with a +0 scimitar.
There is a stone staircase leading up, spattered with blood here.
Blork the orc gestures at you while chanting.
The puff of flame hits you!
You climb upwards.
There is a stone staircase leading down here.
a - a +0 long sword (weapon)
Blork the orc points at you and mumbles some strange words.
The puff of flame hits you!
Blork the orc hits you with a +0 scimitar!
You die...

##
#####.#..#######.#..##..
.#
#.....#......#..........
.######
#.....##.###.#.#.#..###.
......#
#.....##.##.............
.####.#
#......#.##..#.#..#.....
.####.#
#......#.##..#....######
....#.#
######...##..##......#
....#.#
#....o.##..##....#.###
....#.#
#....@>##.............
....#.#
#....####.###.....####
....#.# #..[.# #.#
#.....# ###...# #....#
#.# #.....# #.####
#....# #.# #.....####
#....# ###.## #.#
#.....#... ####.# #.#
#.# #####.....
#<#.#######.# #.# ###...
#.#.........#####.# ####


You could see Blork the orc.

Vanquished Creatures
  An iguana (D:3)
  An adder (D:2)
  3 dart slugs
  An endoplasm (D:1)
  4 goblins
  4 hobgoblins
  4 quokkas
  4 ball pythons
  5 bats
  3 frilled lizards
  4 kobolds
  2 rats (D:2)
36 creatures vanquished.

Notes
Turn   | Place    | Note
-------+----------+-------------------------------------------
     0 | D:1      | BlueFish the Vampire Gladiator began the quest for the Orb.
     0 | D:1      | Reached XP level 1. HP: 16/16 MP: 1/1
   198 | D:1      | Reached XP level 2. HP: 22/22 MP: 2/2
  1050 | D:2      | You fall into a shaft and drop 1 floor!
  1189 | D:2      | Gained mutation: You are afflicted with vampirism and can
                  | become a bat while bloodless. [Vampire growth]
  1189 | D:2      | Reached XP level 3. HP: 27/27 MP: 3/3
  1632 | D:3      | Reached skill level 1 in Stealth
  2233 | D:4      | Noticed a black bear
  2283 | D:4      | Noticed a lemure
  2283 | D:4      | Noticed a lemure
  2283 | D:4      | Noticed Pikel
  2326 | D:4      | Noticed Blork the orc
  2335 | D:3      | Reached skill level 4 in Long Blades
  2335 | D:3      | Reached XP level 4. HP: 33/33 MP: 4/4
  2343 | D:3      | Slain by Blork the orc

Illustrated notes

Levels and vault maps discovered:
D:1:      psy_arrival_fountain, layout_loops_ring
D:2:      layout_loops_cross
D:3:      layout_basic
D:4:      layout_basic, serial_shops, shop, uniq_grinder, uniq_blork_the_orc,
          uniq_pikel, uniq_edmund

Skill      XL: |  1  2  3 |
---------------+----------+-----
Stealth        | 1 |  1.6
Long Blades    | 4 |  4.0
Fighting       | |  1.9
Short Blades   | |  0.8
Throwing       | |  1.6
Armour         | |  0.5
Dodging        | |  3.9

Action                   |  1- 3 |  4- 6 || total
-------------------------+-------+-------++-------
Melee: Long sword        |    68 |       ||    68
       Dagger            |     9 |       ||     9
       Bite              |     3 |       ||     3
  Use: Scroll            |     9 |       ||     9
 Stab: Sleeping          |     5 |       ||     5
Armor: Leather armour    |    23 |       ||    23
Dodge: Dodged            |    67 |       ||    67
       Rpst.: Long sword |    18 |       ||    18

Table legend: (Time is in decaauts)
 A = Elapsed time spent in this place.
 B = Non-inter-level travel time spent in this place.
 C = Inter-level travel time spent in this place.
 D = Time resting spent in this place.
 E = Time spent auto-exploring this place.
 F = Levels seen in this place.
 G = Mean time per level.
                   A        B        C        D        E       F      G
               +--------+--------+--------+--------+--------+-----+--------+
         Total |   2342 |   2119 |    223 |      0 |   1808 |   4 |  585.5 |
       Dungeon |   2342 |   2119 |    223 |      0 |   1808 |   4 |  585.5 |
               +--------+--------+--------+--------+--------+-----+--------+

Top non-repeatable levels by time:
     D:3: 900 daAuts
     D:1: 873 daAuts
     D:2: 539 daAuts
     D:4: 28 daAuts
